[Event "Polish University-ch Open 2024"]
[Site "Lublin"]
[Date "2024.02.23"]
[Round "4.10"]
[White "Jedrusik, Adam"]
[Black "Koziorowicz, Michal"]
[Result "0-1"]
[ECO "E47"]
[WhiteElo "2025"]
[BlackElo "2324"]
[Annotator "TA"]
[PlyCount "48"]
[EventDate "2024.02.22"]
[EventType "swiss"]
[EventCountry "POL"]
[SourceTitle "playchess.com"]
[Source "ChessBase"]
[SourceQuality "1"]
[TimeControl "600+3"]

1. d4 e6 2. c4 Nf6 3. Nc3 Bb4 4. e3 O-O 5. Bd3 Re8 6. Nge2 b6 (6... d5 $11) 7. a3 Bf8 8. e4 {[%emt 0:00:39] [#] e5 wäre nun fies. Weiß steht etwas besser.} d6 9. O-O e5 10. d5 a5 11. f3 g6 12. Bg5 h6 13. Be3 Bg7 14. Qd2 Kh7 15. b4 Nbd7 16. Nb5 Ba6 17. c5 ({Günstiger ist} 17. Nec3 $16) 17... bxc5 $11 18. bxc5 (18. bxa5 $14 Nb8 19. Bc4) 18... Nxc5 19. Bxc5 dxc5 20. Qxa5 $2 {[%emt 0:00:44][%mdl 8192] [#] Davon erholt Weiß sich nicht mehr.} (20. Qc2 $11 {und Weiss steht sicher.}) 20... c6 $19 21. Qxd8 Rexd8 ({Jedoch nicht} 21... Raxd8 22. a4 $19) 22. Nc7 (22. a4) 22... Bxd3 {[%emt 0:00:04] Schwarz steht klar auf Gewinn.} 23. Nxa8 Rxa8 24. Nc3 Bxf1 {[%emt 0:00:07] Gewichteter Fehlerwert: Weiß=0.65/Schwarz=0.18 (sehr präzise) .  Verlustzug:     	Weiß=1     	---        Fehler:       	Weiß=3     	Schwarz=1     Ungenau:       	Weiß=2     	Schwarz=2     OK:         	Weiß=6     	Schwarz=4     Bester:       	---       	Schwarz=2} 0-1

[Event "Polish University-ch Open 2024"]
[Site "Lublin"]
[Date "2024.02.23"]
[Round "4.11"]
[White "Walter, Szymon"]
[Black "Chaczynski, Kamil"]
[Result "1-0"]
[ECO "C65"]
[WhiteElo "2305"]
[BlackElo "2118"]
[Annotator "TA"]
[PlyCount "99"]
[EventDate "2024.02.22"]
[EventType "swiss"]
[EventCountry "POL"]
[SourceTitle "playchess.com"]
[Source "ChessBase"]
[SourceQuality "1"]
[TimeControl "600+3"]

1. e4 e5 2. Nf3 Nc6 3. Bb5 Nf6 4. d4 exd4 5. e5 Nd5 6. O-O (6. Nxd4 {feels hotter.} Qh4 7. Ne2 a6 8. Qxd5 axb5 9. Nbc3) 6... Be7 7. Nxd4 Nxd4 ({Better is} 7... a6 $11) 8. Qxd4 $14 {[%emt 0:00:00] White is slightly better.} c6 9. Bc4 Nc7 10. Qg4 {[%emt 0:00:00] White has more active pieces.} ({White should try} 10. Nc3 $16) 10... O-O $1 $11 {[%emt 0:00:39] [#] And now ...d5 would win.} 11. Bd3 ({But not} 11. Bh6 Ne8 12. Bd3 d6 $17) 11... d6 (11... d5 {simplifies} 12. Qe2 Ne6 13. Be3 Qc7) 12. Qe4 g6 13. exd6 Bxd6 14. Qf3 Qh4 15. g3 Bg4 (15... Qh3 $15) 16. Qe3 (16. Qxc6 {simplifies} bxc6 17. gxh4 Rfe8 18. Nc3) 16... Qh5 (16... Qh3 {seems wilder.} 17. Nc3 Rfe8 18. Qh6 Be5) 17. Qh6 Qxh6 18. Bxh6 Rfe8 19. Nc3 Bf3 20. Rfe1 Bb4 21. Be3 f6 22. Bd4 Kg7 23. Rxe8 Rxe8 24. Bxa7 h5 (24... Bxc3 $11 25. bxc3 Nb5) 25. a3 Bd6 26. Be3 h4 27. Bf1 hxg3 28. hxg3 Bxg3 $2 {[%emt 0:00:03][%mdl 8192] This costs Black the game.} 29. fxg3 $18 Rxe3 30. Kf2 Rxc3 31. bxc3 {[%emt 0:00:00][%cal Bb2c3,Bc3c4][%mdl 4128] Endgame. KRB-KBN} Bd5 $2 (31... Bg4 32. Rb1 Bc8) 32. Rb1 b5 {[%emt 0:00:12] [#]} 33. c4 $1 Be4 34. Bd3 Bxd3 35. cxd3 {[%emt 0:00:00] KR-KN} Kf7 36. Ke3 Ke6 37. Kd4 Kd6 38. Kc3 f5 39. Rh1 g5 40. Rf1 Ke5 41. Re1+ Kf6 42. cxb5 cxb5 43. Kd4 f4 44. gxf4 gxf4 45. Ke4 Ne6 46. d4 f3 47. Rf1 Ng5+ 48. Ke3 Ke6 49. Rb1 (49. Rxf3 $142 Nh7 50. Kd3 Ng5 51. Re3+ Kd6 52. Re5 Nh7 53. Rxb5 Nf8 54. a4) 49... Kd6 50. Rxb5 {[%emt 0:00:09] Weighted Error Value: White=0.25 (precise) /Black=0.56.  Loses game:     	---       	Black=1      Mistake:       	White=1     	Black=4      Inaccurate:     	White=4     	Black=3      OK:         	White=11    	Black=7      Best:        	White=1     	Black=1      Strong:       	---       	Black=1} 1-0

[Event "Polish University-ch Open 2024"]
[Site "Lublin"]
[Date "2024.02.23"]
[Round "4.12"]
[White "Suder, Jakub"]
[Black "Babiarz, Arkadiusz"]
[Result "1-0"]
[ECO "D31"]
[WhiteElo "2333"]
[BlackElo "2159"]
[Annotator "TA"]
[PlyCount "100"]
[EventDate "2024.02.22"]
[EventType "swiss"]
[EventCountry "POL"]
[SourceTitle "playchess.com"]
[Source "ChessBase"]
[SourceQuality "1"]
[TimeControl "600+3"]

1. d4 d5 2. c4 e6 3. Nc3 c6 4. cxd5 exd5 5. Bf4 Bd6 6. Bxd6 Qxd6 7. e3 Bf5 8. Qb3 {[%emt 0:00:08] D31: Damengambit (Halbslawisch).} b6 9. Rc1 $146 ({Predecessor:} 9. Nge2 Nd7 10. Qa3 Qxa3 11. bxa3 Ne7 12. f3 O-O 13. Kd2 Rfd8 14. g4 Be6 15. Nf4 {1-0 Yeletsky,I (2504)-Hartikainen,J (2089) Titled Tuesday intern op 13th Feb Late blitz 2024 (4)}) 9... Nd7 10. Nge2 Ne7 11. Ng3 Bg6 12. Be2 O-O 13. O-O Rfc8 14. Bg4 Rc7 15. Nce2 Nf6 16. Bf3 h6 17. Nf4 Bh7 18. Nd3 Rac8 19. Rfd1 c5 20. dxc5 bxc5 21. Qa3 Qb6 22. Nf4 d4 23. e4 g5 24. Nfh5 $1 Nxh5 25. Nxh5 c4 26. e5 Bd3 (26... Bg6 $11 {bleibt in der Remisbreite.}) 27. Bg4 ({Vorzuziehen ist} 27. Qd6 $16) 27... Rb8 (27... Rd8 $11 {hält das Gleichgewicht.}) 28. Nf6+ Kh8 {[%emt 0:00:01] [#]} (28... Kg7 $16) 29. b3 (29. Nd7 $6 Rxd7 30. Bxd7 Ng6 $16) ({Besser ist} 29. h4 $1 $18 ) 29... Ng6 {[%emt 0:00:01] [#]} (29... cxb3 $1 $14 30. axb3 (30. Rxd3 Rxc1+ 31. Qxc1 bxa2 $19) (30. Rxc7 Qxc7 31. Nd7 Be2 $11) (30. Nd7 Rxd7 31. Rxd3 b2 $15) 30... Bf5) 30. bxc4 (30. e6 $1 $16 {Und bxc4 würde nun gewinnen.} c3 (30... fxe6 $2 31. bxc4 Rf8 32. Rxd3 $18) 31. Rxd3 fxe6 32. g3) 30... Bxc4 $2 (30... Nxe5 $11 {und Schwarz muss sich keine Sorgen machen.} 31. Nd7 Rxd7 32. Bxd7 Bxc4) 31. Nd7 Qb4 (31... Rxd7 $16 32. Bxd7 Nxe5) 32. Qh3 Kg7 {[%emt 0:00:33] Und jetzt ...Nf4 wäre schön.} 33. a3 (33. Rxd4 $2 Be2 34. Rcd1 (34. Rxc7 $2 Qe1#) 34... Rxd7 35. Bxe2 (35. Bxd7 $2 Qxd4 36. Rc1 Rd8 $19) 35... Rxd4 $19) 33... Qb2 34. Nxb8 Nf4 35. Qg3 Qxb8 36. h4 (36. Rxd4 Be2 37. Rdd1 Bxd1 38. Rxd1 Rc5 $14) 36... Be2 (36... Qd8 $16 {ist wohl besser.} 37. a4 d3) 37. Rxc7 $18 Qxc7 (37... Bxd1 {kämpft weiter.} 38. Rc5 Bxg4 39. Qxg4 Qb6) 38. Rxd4 $18 {[%emt 0:00:19] Droht stark hxg5.} Qxe5 39. Qe3 Qxe3 (39... Qf6 $142 40. Rxf4 (40. Bxe2 Nxe2+ 41. Qxe2 Qxd4 $11) 40... Qa1+ 41. Kh2 gxf4 42. Qxe2 Qxa3 43. Qe5+ Kg8) 40. fxe3 $18 Bxg4 41. exf4 gxh4 42. Ra4 Kf6 43. Rxa7 h3 44. Ra6+ Kf5 45. gxh3 Bxh3 46. Rxh6 Bg4 47. a4 Kxf4 48. Rh4 f5 49. a5 Ke5 {[%emt 0:00:01] [#]} 50. Rxg4 $1 Kd5 (50... fxg4 51. a6) 1-0

[Event "Polish University-ch Open 2024"]
[Site "Lublin"]
[Date "2024.02.23"]
[Round "4.13"]
[White "Kaminski, Maciej"]
[Black "Lukasiewicz, Krzysztof"]
[Result "0-1"]
[ECO "B10"]
[WhiteElo "1869"]
[BlackElo "2290"]
[Annotator "TA"]
[PlyCount "104"]
[EventDate "2024.02.22"]
[EventType "swiss"]
[EventCountry "POL"]
[SourceTitle "playchess.com"]
[Source "ChessBase"]
[SourceQuality "1"]
[TimeControl "600+3"]

1. e4 c6 2. Nf3 d5 3. d3 dxe4 4. dxe4 Qxd1+ 5. Kxd1 Nf6 6. Nbd2 Bg4 7. Bd3 Nbd7 8. h3 {[%emt 0:00:21] Die Stellung ist ausgeglichen.} Bxf3+ 9. Nxf3 Nc5 10. e5 Nxd3 11. cxd3 Nd5 12. Ke2 e6 13. Be3 Be7 14. a3 O-O 15. Rac1 Rfd8 16. g3 h6 17. Bc5 Rd7 18. Bxe7 Nxe7 19. Rhd1 Rad8 20. d4 Nf5 21. Rc4 Rd5 22. g4 Ne7 23. Ne1 (23. Rc5 $15) 23... Kf8 24. Nc2 Ng6 25. Ne3 {[%emt 0:00:38] [#]} Rb5 (25... R5d7 $1 $17) 26. Rb4 Rxb4 27. axb4 $15 {[%emt 0:00:02][%mdl 4096] Endspiel. KRN-KRN} Nf4+ 28. Kf3 Nxh3 29. Kg3 $1 Ng5 30. f4 {[%emt 0:00:04] Es drohte f6} Nh7 31. Nc4 Rd7 32. Nd6 a6 (32... Nf6 $1 $15) 33. b5 $11 axb5 34. Ra1 {[%emt 0:00:03] [#] Ra8+ ist eine echte Drohung.} Kg8 (34... Ke7 $11 {hält das Gleichgewicht.}) 35. Ra8+ $16 {[%emt 0:00:51][%mdl 1024] Weiss hat starke Kompensation.} Nf8 36. b4 f6 ({Günstiger ist} 36... b6 $1 $14) 37. Rb8 (37. f5 $6 fxe5 38. dxe5 (38. fxe6 Re7 $11) 38... Re7 $16) ({Vorzuziehen ist} 37. Re8 $18 {Droht f5 und aus.} fxe5 38. dxe5) 37... g5 $2 (37... fxe5 $11 38. dxe5 b6) 38. Ne8 $2 (38. Nxb7 gxf4+ (38... Rxd4 39. Nc5 $11) 39. Kf3 fxe5 $11 (39... Rxd4 40. Nc5 $11)) (38. f5 $18 {Re8 wäre nun fies.} fxe5 (38... exf5 $2 39. gxf5 fxe5 40. dxe5 $18) 39. dxe5 (39. fxe6 Re7 $15)) 38... gxf4+ $11 (38... Rxd4 $2 39. Nxf6+ (39. exf6 $2 gxf4+ 40. Kf2 Kf7 $19) 39... Kf7 40. f5 $18) 39. Kf3 $1 Rxd4 40. Nxf6+ Kf7 {[%emt 0:00:01] Weiss muss nun ...Ng6 beachten.} 41. Rxb7+ Kg6 42. Ne8 $2 (42. Nh5 $11 Rd7 (42... Rxb4 43. Rg7#) 43. Nxf4+ Kf7 44. Rb6) 42... Nd7 $1 $19 (42... Rxb4 43. Rg7#) 43. Rc7 Nxe5+ 44. Kf2 Kg5 {[%emt 0:00:06][%cal Of4f3] Zielt auf ...f3! ab.} ({Schwächer ist} 44... Rxb4 45. Rg7#) 45. Rg7+ Kh4 46. Nf6 Rd2+ 47. Ke1 Rb2 48. Rh7 Kg3 (48... f3 $142 49. Ne4 Re2+ (49... Kxg4 $2 50. Nd2 $19) (49... Nxg4 $2 50. Kd1 $19) (49... Rxb4 $2 50. Rxh6+ Kxg4 51. Nc3 $19) 50. Kd1 Rxe4 51. Rxh6+ Kxg4 52. Rf6 Rf4 (52... Rxb4 $2 53. Kc2 $19) 53. Rh6 f2 (53... Rxb4 54. Kd2 $19) 54. Rh1 f1=Q+ (54... f1=R+ {wird mattgesetzt.} 55. Rxf1 Rxf1+ 56. Ke2 Rf4 57. Ke3 Rxb4 58. Kd2 Rc4 59. Ke3 b4 60. Ke2 Rc2+ 61. Ke1 Kf3 62. Kd1 b3 63. Ke1 b2 64. Kf1 b1=Q#) 55. Rxf1 Rxf1+ 56. Ke2 Rc1 57. Ke3 Rc4 58. Ke2 Kf4 (58... Rxb4 {ist ein Selbstmatt.} 59. Kd2 Rc4 60. Ke3 b4 61. Ke2 b3 62. Ke3 b2 63. Kd2 b1=Q 64. Ke2 Qc1 65. Kf2 Rc2#) 59. Kf2 Rc2+ (59... Rxb4 60. Ke2 Rb2+ 61. Ke1 Ke3 62. Kd1 c5 63. Kc1 Nd3+ 64. Kd1 Rd2#) 60. Ke1 Ke3 61. Kf1 Rf2+ 62. Kg1 Nf3+ 63. Kh1 Rh2#) 49. Ne4+ Kg2 {[%emt 0:00:03] ( -> ...f3)} 50. Rxh6 f3 {[%emt 0:00:02] Schwarz setzt Matt.} 51. Rxe6 Re2+ 52. Kd1 Rxe4 {[%emt 0:00:01] Gewichteter Fehlerwert: Weiß=0.81/Schwarz=0.29 (präzise) .  Verlustzug:     	Weiß=1     	Schwarz=1     Gewinn verpasst:   	Weiß=1     	---        Fehler:       	Weiß=2     	Schwarz=4     Ungenau:       	Weiß=5     	---        OK:         	Weiß=8     	Schwarz=16    Bester:       	Weiß=5     	Schwarz=2     Stark:        	Weiß=2     	Schwarz=1} 0-1

[Event "Polish University-ch Open 2024"]
[Site "Lublin"]
[Date "2024.02.23"]
[Round "4.14"]
[White "Posluszny, Tomasz"]
[Black "Niedbala, Bartlomiej"]
[Result "0-1"]
[ECO "D37"]
[WhiteElo "2001"]
[BlackElo "2382"]
[Annotator "TA"]
[PlyCount "101"]
[EventDate "2024.02.22"]
[EventType "swiss"]
[EventCountry "POL"]
[SourceTitle "playchess.com"]
[Source "ChessBase"]
[SourceQuality "1"]
[TimeControl "600+3"]

1. Nf3 d5 2. d4 Nf6 3. c4 e6 4. Nc3 Ne4 5. Qd3 Nxc3 6. Qxc3 a5 {[%emt 0:00:04] [#] Droht ...Bb4 und aus.} 7. Qc2 Bb4+ 8. Bd2 {[%emt 0:00:01] Die Stellung ist ausgeglichen.} Bxd2+ 9. Nxd2 dxc4 10. Qxc4 O-O 11. e3 b6 12. Qc2 Bb7 13. Bd3 h6 14. O-O Na6 15. Bh7+ Kh8 16. Be4 Nb4 17. Qb3 Nd5 18. Rfc1 Qe7 19. Bf3 Rfd8 20. Nc4 f6 21. a3 Rab8 22. Rc2 Ba6 23. e4 Nf4 24. Qe3 Ng6 25. Bh5 Nf8 26. Rd1 Rd7 27. Be2 Rbd8 28. Rcd2 Bb7 29. h3 Nh7 30. f3 Qf7 31. Qc3 Qg6 32. Kh2 Ng5 33. Qe3 Nh7 34. b4 axb4 35. axb4 Ra8 {[%emt 0:00:00] [#]} (35... Qe8 $14) 36. d5 $1 $16 exd5 37. exd5 Re8 {[%emt 0:00:00] Wehrt d6 ab} 38. Qf2 Ba6 39. d6 ({Vorzuziehen ist} 39. b5 $18 Rxe2 (39... Bxb5 $2 40. Bd3 $18) 40. Qxe2 (40. Rxe2 Bxb5 41. Qe1 Nf8 $18) 40... Bxb5 41. d6) 39... Bxc4 (39... Qf7 $16 40. Rd4 Qf8) 40. Bxc4 $18 {[%emt 0:00:01] Droht stark Bb5.} Rxd6 (40... Rf8 $142 41. Bb5 Rxd6 42. Rxd6 cxd6 43. Qxb6 Qf5) 41. Rxd6 cxd6 42. Rxd6 Qb1 (42... Ng5 $142 43. Bd3 (43. Rxb6 Rc8 $18) (43. Qxb6 Nxf3+ 44. gxf3 Qc2+ 45. Kg3 Qxc4 $11) 43... Qf7 44. Qxb6 (44. Rxb6 Rd8 $14) 44... Qe7) 43. Bf7 $2 (43. Rxb6 $18 {Qg3 ist eine echte Drohung.} Qf5 44. Qg3) 43... Rf8 $14 44. Bd5 Qxb4 45. Qxb6 Qf4+ 46. Kg1 Ng5 47. Rd8 $36 {[%emt 0:00:05][%mdl 2048] Weiss hat gut koordiniertes Spiel.} Qc1+ 48. Kh2 Qf4+ 49. Kg1 Rxd8 (49... Qc1+ $11 50. Kh2 Qf4+ 51. Kg1) 50. Qxd8+ $18 Kh7 51. Qe7 $4 {[%emt 0:00:15][%mdl 8192] Gewichteter Fehlerwert: Weiß=0.22 (präzise) /Schwarz=0.19 (sehr präzise) .  Verlustzug:     	---       	Schwarz=1     Gewinn verpasst:   	Weiß=1     	---        Fehler:       	Weiß=1     	Schwarz=4     Ungenau:       	Weiß=8     	Schwarz=8     OK:         	Weiß=16    	Schwarz=17    Bester:       	Weiß=1     	Schwarz=2     Stark:        	Weiß=1     	---} (51. Bg8+ Kg6 52. Qe8+ Nf7 53. Qxf7+ (53. Bxf7+ Kg5 $18) 53... Kg5 54. Qxg7+ Kh4 55. Qg6 h5 56. Bf7) 0-1

[Event "Polish University-ch Open 2024"]
[Site "Lublin"]
[Date "2024.02.23"]
[Round "4.15"]
[White "Molenda, Marcin"]
[Black "Golda, Sebastian"]
[Result "1-0"]
[ECO "E10"]
[WhiteElo "2377"]
[BlackElo "2107"]
[Annotator "TA"]
[PlyCount "91"]
[EventDate "2024.02.22"]
[EventType "swiss"]
[EventCountry "POL"]
[SourceTitle "playchess.com"]
[Source "ChessBase"]
[SourceQuality "1"]
[TimeControl "600+3"]

1. d4 Nf6 2. c4 Nc6 3. Nf3 e6 4. a3 d6 5. Nc3 g6 6. e4 Bg7 7. Be2 O-O 8. O-O Re8 9. Be3 e5 10. d5 Nd4 {[%emt 0:00:01] The position is equal.} 11. h3 c5 12. dxc6 bxc6 13. Nxd4 exd4 14. Bxd4 (14. Qxd4 Nxe4 15. Qd3 Nc5 $15) 14... Nxe4 15. Bxg7 Kxg7 16. Nxe4 Rxe4 17. Qd3 Bf5 18. Bf3 Rf4 (18... Re5 $6 19. Qc3 Qf6 20. Bxc6 $16) 19. Qc3+ Qf6 20. Qxf6+ Kxf6 21. Bxc6 Rb8 22. b4 Rxc4 23. Bf3 Rc3 24. Rfd1 Ke7 25. Rd5 Bxh3 26. Ra5 $1 Be6 27. Rxa7+ Kf6 28. Rb1 (28. Ra6 $14) 28... h5 (28... d5 $11) 29. b5 $16 d5 30. a4 h4 {[%emt 0:00:02] [#] Black is on the road to losing.} (30... g5 $14) 31. b6 $1 $18 {[%emt 0:00:00] And now a5 would win.} h3 $2 (31... g5) 32. b7 g5 $2 (32... Rc7 33. a5 Rd7 34. gxh3 (34. a6 Rdd8 $18) 34... Ke5) 33. Ra8 Rxb7 34. Rxb7 g4 35. Be2 Rc2 36. Bf1 Rc1 37. gxh3 gxh3 38. a5 ({Don't play} 38. Rh8 d4 39. Rb4 d3 $18) 38... d4 39. Rb2 $2 {[%emt 0:00:08] [#]} ({Not} 39. Rh8 Bc4 $11) (39. Rab8 $18 {is the precise move to win.} h2+ 40. Kxh2 Rxf1 41. a6) 39... h2+ 40. Kxh2 Rxf1 {[%emt 0:00:01][%mdl 4096] Endgame. KRR-KRB} 41. a6 Bd5 $2 (41... Ra1 {is more resistant.} 42. Kg3 d3) 42. Rd8 {[%emt 0:00:04] White is clearly winning.} Bf3 43. a7 Rd1 44. a8=Q Bxa8 45. Rxa8 d3 46. Kg3 {[%emt 0:00:07] Weighted Error Value: White=0.32/Black=0.64.  Missed win:     	White=1     	---        Mistake:       	White=1     	Black=6      Inaccurate:     	---       	Black=5      OK:         	White=13    	Black=12     Best:        	White=4     	Black=2      Strong:       	White=1     	---} 1-0

[Event "Polish University-ch Open 2024"]
[Site "Lublin"]
[Date "2024.02.23"]
[Round "4.16"]
[White "Musial, Tomasz"]
[Black "Pultorak, Jan"]
[Result "1/2-1/2"]
[ECO "B01"]
[WhiteElo "2171"]
[BlackElo "2303"]
[Annotator "TA"]
[PlyCount "130"]
[EventDate "2024.02.22"]
[EventType "swiss"]
[EventCountry "POL"]
[SourceTitle "playchess.com"]
[Source "ChessBase"]
[SourceQuality "1"]
[TimeControl "600+3"]

1. e4 d5 2. exd5 Qxd5 3. Nc3 Qd6 4. d4 c6 5. Nf3 Nf6 6. g3 Bg4 7. Bg2 e6 8. O-O {[%emt 0:00:16] Weiß steht etwas besser.} Qc7 9. Bf4 Bd6 10. Bxd6 Qxd6 11. Qd2 Nbd7 12. Ne2 O-O 13. Qf4 Qxf4 14. Nxf4 Nd5 15. Nd3 Bf5 16. Rad1 h6 17. c3 a5 18. Nfe5 Nxe5 19. Nxe5 Rfd8 20. Rd2 a4 21. Rc1 Nb6 22. Nf3 (22. Re2 $11 {bleibt in der Remisbreite.}) 22... Nc4 $17 23. Re2 Bd3 24. Ree1 Nxb2 25. Ne5 Bh7 26. Bf1 a3 27. Re3 Kf8 28. Rce1 Rac8 29. Bg2 Ke7 30. h4 Rd6 31. h5 b5 32. Bh3 Rb8 (32... Nc4 $19 33. Nxc4 bxc4) 33. Bg2 Rb6 34. f4 f6 35. Ng6+ Bxg6 36. hxg6 Nc4 37. R3e2 f5 38. g4 {[%emt 0:00:05] [#]} Kf6 39. gxf5 exf5 40. Re7 Nd2 (40... Kxg6 $17 {Und ...b4 würde nun gewinnen.} 41. Rc7 b4 42. cxb4 Rxb4 43. Bxc6 Kh7 (43... Rxd4 44. Re6+ Kh7 45. Ree7 $15)) 41. Rc7 (41. Rf7+ $1 $11 {ist eher angebracht.} Kxg6 42. Ree7) 41... Ne4 (41... b4 $15 42. Rf7+ Kxg6) 42. Bxe4 fxe4 43. Rxe4 (43. Kf2 $11) 43... Kxg6 $11 {[%emt 0:00:00][%mdl 4096] Endspiel. KRR-KRR} 44. Ree7 Kf5 45. Rxg7 {[%emt 0:00:03] [#]} Kxf4 (45... b4 $1 $17 46. cxb4 Rxb4 (46... Kxf4 47. Rcf7+ Ke3 48. Rg3+ Kxd4 49. Rf4+ Ke5 50. Rh4 $11)) 46. Rcf7+ Ke4 $1 47. Rg4+ ({Vorzuziehen ist} 47. Rg3 $15) 47... Kd3 48. Rf3+ (48. Rg3+ $17 {ist eine bessere Verteidigung.} Kc4 49. Ra7) 48... Kc4 $19 49. Rf5 $2 (49. Rh4) 49... Rd5 ({Nicht} 49... Kxc3 50. Rf3+ Kc4 51. Rxa3 $19) 50. Rf3 Rb8 {[%emt 0:00:01] Zielt auf ...Rg5 ab.} 51. Kf2 b4 $2 (51... Rh5 $19 {Und jetzt ...Rh2+ wäre schön.} 52. Kf1 Rh2 53. d5+ Kxd5 54. Rf5+ Ke6) 52. cxb4 $11 Rxb4 {[%emt 0:00:01] ...Rb2+ wäre nun fies. Die Stellung ist ausgeglichen.} (52... Rxd4 53. Rxd4+ Kxd4 54. Rxa3) 53. Rxa3 Rxd4 54. Rxd4+ Kxd4 {[%emt 0:00:02] KR-KR} 55. Rh3 Rb2+ 56. Ke1 $1 Rxa2 {[%emt 0:00:03] Weiss muss nun ...c5 beachten.} 57. Kd1 c5 {[%emt 0:00:04] Droht stark ...Rg2.} 58. Rxh6 c4 (58... Kc3 $5 59. Rh3+ $8 Kb4 $11) 59. Rh3 Kc5 60. Kc1 Kb4 61. Rg3 Rh2 62. Rf3 c3 {[%emt 0:00:11] ( -> ...Kb3)} 63. Rf8 Rh1+ 64. Kc2 Rh2+ 65. Kc1 Rh1+ {[%emt 0:00:03] Gewichteter Fehlerwert: Weiß=0.20 (präzise) /Schwarz=0.21 (präzise) .  Gewinn verpasst:   	---       	Schwarz=1     Fehler:       	Weiß=6     	Schwarz=4     Ungenau:       	Weiß=3     	Schwarz=1     OK:         	Weiß=16    	Schwarz=18    Bester:       	Weiß=5     	Schwarz=7     Stark:        	Weiß=1     	Schwarz=1} 1/2-1/2

[Event "Polish University-ch Open 2024"]
[Site "Lublin"]
[Date "2024.02.23"]
[Round "4.17"]
[White "Jakubowski, Jaroslaw"]
[Black "Snihur, Piotr"]
[Result "0-1"]
[ECO "B93"]
[WhiteElo "2090"]
[BlackElo "2278"]
[Annotator "RC"]
[PlyCount "121"]
[EventDate "2024.02.22"]
[EventType "swiss"]
[EventCountry "POL"]
[SourceTitle "playchess.com"]
[Source "ChessBase"]
[SourceQuality "1"]
[TimeControl "600+3"]

1. e4 c5 2. Nf3 d6 3. d4 cxd4 4. Nxd4 Nf6 5. Nc3 a6 6. f4 e5 7. Nf3 Nc6 8. Bd3 Be7 9. O-O O-O 10. Kh1 b5 11. a3 Qc7 12. Qe1 Re8 13. Nd5 Qd8 14. Nxe7+ Qxe7 15. fxe5 dxe5 16. Bg5 h6 17. Bh4 Qe6 18. Rd1 Bb7 19. c3 Na5 20. Bg3 Nd7 21. Nh4 Rad8 22. Qe3 Nc4 23. Bxc4 Qxc4 24. Nf5 Nc5 25. Nxh6+ gxh6 26. Qxh6 Bxe4 27. Bxe5 Bxg2+ 28. Kxg2 Qe4+ 29. Kg1 Qxe5 30. Rde1 Qg7+ 31. Qxg7+ Kxg7 32. Rxe8 Rxe8 33. Rf5 Nd3 34. b4 Re2 35. Rd5 Ne5 36. Rd6 Nc4 37. Rxa6 Re3 38. a4 bxa4 39. Rxa4 Rxc3 40. b5 Nd6 41. b6 Rb3 42. Ra6 Nc4 43. b7 Rxb7 44. Kg2 Rb3 45. Rc6 Ne5 46. Ra6 f6 47. h3 Kg6 48. Ra4 Kg5 49. Kh2 f5 50. Ra5 Ng6 51. Ra8 Kh4 52. Ra4+ f4 53. Ra6 Rxh3+ 54. Kg2 Rg3+ 55. Kf2 Ne5 56. Ra5 Nd3+ 57. Ke2 Re3+ 58. Kd2 Ne5 59. Ra8 Kg3 60. Rg8+ Kf3 61. Rg7 0-1

[Event "Polish University-ch Open 2024"]
[Site "Lublin"]
[Date "2024.02.23"]
[Round "4.18"]
[White "Bartkiewicz, Pawel"]
[Black "Brzezinski, Mateusz"]
[Result "0-1"]
[ECO "B33"]
[WhiteElo "1910"]
[BlackElo "2176"]
[Annotator "RC"]
[PlyCount "64"]
[EventDate "2024.02.22"]
[EventType "swiss"]
[EventCountry "POL"]
[SourceTitle "playchess.com"]
[Source "ChessBase"]
[SourceQuality "1"]
[TimeControl "600+3"]

1. e4 c5 2. Nf3 Nc6 3. d4 cxd4 4. Nxd4 Nf6 5. Nc3 e5 6. Ndb5 d6 7. Bg5 a6 8. Na3 b5 9. Nd5 Be7 10. Bxf6 Bxf6 11. c3 Ne7 12. Nxe7 Qxe7 13. Nc2 Bb7 14. Bd3 Bg5 15. a4 bxa4 16. Rxa4 O-O 17. O-O g6 18. Qe2 a5 19. Ne3 Bc6 20. Raa1 Bxe3 21. Qxe3 Qb7 22. Rfb1 f5 23. exf5 gxf5 24. f3 Kh8 25. b4 axb4 26. Rxa8 Rxa8 27. Bxf5 b3 28. Qh6 Qa7+ 29. Kh1 Qe7 30. Rxb3 e4 31. h3 exf3 32. gxf3 Qe1+ 0-1

[Event "Polish University-ch Open 2024"]
[Site "Lublin"]
[Date "2024.02.24"]
[Round "5.1"]
[White "Kosakowski, Jakub"]
[Black "Walter, Szymon"]
[Result "1-0"]
[ECO "B45"]
[WhiteElo "2482"]
[BlackElo "2305"]
[Annotator "RC"]
[PlyCount "55"]
[EventDate "2024.02.22"]
[EventType "swiss"]
[EventCountry "POL"]
[SourceTitle "playchess.com"]
[Source "ChessBase"]
[SourceQuality "1"]
[TimeControl "600+3"]

1. e4 c5 2. Nf3 e6 3. d4 cxd4 4. Nxd4 Nc6 5. Nc3 Nf6 6. Nxc6 bxc6 7. e5 Nd5 8. Ne4 Qc7 9. f4 Rb8 10. c4 Bb4+ 11. Ke2 O-O 12. a3 Be7 13. cxd5 cxd5 14. Nd6 f6 15. Nxc8 Rfxc8 16. exf6 Bxf6 17. Rb1 Qc4+ 18. Kf2 Qc5+ 19. Ke1 Bc3+ 20. Ke2 Qc4+ 21. Kf2 Bd4+ 22. Kg3 Qc5 23. Bd3 Rf8 24. b4 Qb6 25. h3 e5 26. Kh2 Be3 27. Qh5 g6 28. Qxe5 1-0